← All builds
Suicide front / Cortex / Economy first / OBSERVED BUILD

Standard suicide front

Cortex Suicide front build order · Supreme Isthmus

The role's baseline: bot lab first, economy expands through the first minutes, and Thugs with Aggravators and Grunts carry the fight to the middle as T2 approaches.

#eco #defence · 421 distinct matches · 80 players · 70% of Cortex Suicide front games · team won 51% of 437 · Recently observed

HOW TO PLAY IT

Key timing: Bot Lab by 0:34

  1. Take 3 mex, then rush a Bot Lab immediately for early army.
  2. Finish Bot Lab, start pumping Thug, Grunt and Aggravator.
  3. Push units to middle to contest and secure reclaim early.
  4. Add Advanced Metal Extractor to keep economy scaling with the fight.
  5. Hold middle with bots until T2 reinforcements arrive from Geo.

Phase by phase

TYPICAL OF ITS 421 GAMES
  1. 1
  2. 2
  3. 3
PLAY THE OPENING

Follow the example game's first 6:00 step by step: what to build now, what comes next, and where it goes. At 1× it keeps pace with your own game.

  1. 1

    Up to the Bot Lab

    Economy
    • Metal Extractor1Mex
    Order
    1. Bot LabBot Lab after 1 mexdone ~0:34, middle half 0:27–0:44

    By 0:18 in all: 1 mex

    The example game in this phase · 2 steps
    1. Mex ×3
    2. Bot LabBot Labdone 0:45 · typical 0:34
  2. 2

    Bot Lab to 5:00

    Economy
    • Metal Extractor4Mex
    • Wind Turbine3Wind
    Builders
    • Graverobber4 Graverobber
    • Construction Bot3 Con bot
    Army
    • Guard3 Guard
    • Thug15 Thug
    • Grunt3 Grunt
    • Aggravator1 Aggravator
    Other
    • Radar Tower1 Radar Tower

    By 5:00 in all: 5 mex · 3 wind

    The example game in this phase · 25 steps
    1. GruntGrunt ×2
    2. GraverobberGraverobber ×2
    3. Construction BotCon bot
    4. ThugThug ×4
    5. Mex
    6. ThugThug ×2
    7. Wind ×2
    8. ThugThug
    9. GraverobberGraverobber
    10. ThugThug ×4
    11. GuardGuard
    12. Mex
    13. GraverobberGraverobber
    14. ThugThug
    15. GuardGuard
    16. ThugThug ×3
    17. GraverobberGraverobber
    18. ThugThug
    19. Construction BotCon bot ×2
    20. GraverobberGraverobber
    21. ThugThug ×2
    22. Wind ×2
    23. ThugThug
    24. Wind
    25. GraverobberGraverobber
  3. 3

    5:00 to 10:00

    Economy
    • Metal Extractor1Mex
    • Wind Turbine14Wind
    Builders
    • Construction Turret2 Con turret
    • Graverobber2 Graverobber
    • Construction Bot1 Con bot
    Army
    • Guard1 Guard
    • Thug5 Thug
    • Grunt3 Grunt

    Some games also: aggravator (50%) · energy storage (48%) · Radar Tower (42%) · Twin Guard (32%)

    By 10:00 in all: 6 mex · 18 wind · 1 energy storage · 2 con turret

    The example game in this phase · 72 steps
    1. ThugThug
    2. Wind
    3. ThugThug ×2
    4. Wind
    5. ThugThug
    6. GraverobberGraverobber
    7. Wind
    8. ThugThug ×2
    9. Wind
    10. ThugThug
    11. Wind
    12. ThugThug
    13. GraverobberGraverobber
    14. Wind
    15. Energy storage
    16. ThugThug ×2
    17. Wind
    18. ThugThug
    19. Wind
    20. ThugThug ×3
    21. Wind
    22. ThugThug ×3
    23. Wind
    24. GraverobberGraverobber
    25. ThugThug
    26. Wind
    27. ThugThug ×2
    28. Wind
    29. ThugThug
    30. Wind
    31. GraverobberGraverobber
    32. Wind
    33. ThugThug ×2
    34. Wind
    35. ThugThug ×2
    36. Wind
    37. GraverobberGraverobber
    38. ThugThug
    39. Wind
    40. ThugThug
    41. Wind
    42. Construction BotCon bot
    43. Wind
    44. ThugThug ×2
    45. Wind
    46. GraverobberGraverobber
    47. ThugThug
    48. Wind
    49. ThugThug ×2
    50. Wind
    51. ThugThug
    52. GraverobberGraverobber
    53. Wind
    54. ShipyardShipyarddone 9:11
    55. ThugThug
    56. DolphinDolphin
    57. ThugThug
    58. Wind
    59. ThugThug ×2
    60. Wind
    61. DolphinDolphin
    62. GraverobberGraverobber
    63. ThugThug
    64. Advanced Metal ExtractorT2 mexdone 10:17 · typical 9:41
    65. GraverobberGraverobber
    66. Wind
    67. DolphinDolphin
    68. Wind ×2
    69. DolphinDolphin
    70. Wind
    71. Advanced Metal ExtractorT2 mex
    72. Wind ×2

Counts are medians over the build's games: half of them build more, half fewer. The example game is XXMACGAMERXX's (35 OS, 01/10/2026); pick another.

Team trades

IN AT LEAST 30% OF ITS GAMES

You hand over

Nothing regular.

You get

  • Tidal Generator4 Tidal from Pondfirst at 0:11 · in 69% of games
  • Advanced Construction Bot1 T2 con bot from Geo or Techfirst at 7:37 · in 57% of games

How it plays out

Typical game of this build, running totals by minute

Metal produced

010k20k
0:005:0010:0015:00

metal

Enemy metal destroyed

05k10k
0:005:0010:0015:00

metal

Own metal lost

05k10k15k
0:005:0010:0015:00

metal

437 games.

Show as table
ByMetal produced: This buildEnemy metal destroyed: This buildOwn metal lost: This build
1:0028300
2:0096900
3:002065195133
4:003157683636
5:00430616421423
6:00553325472414
7:00673635533532
8:00792145024504
9:00917052045488
10:001042458806305
11:001199863567131
12:001356168318008
13:001521774748816
14:001701882639556
15:0018387881010349
WHAT THE NUMBERS SAY

This is the role's baseline aggressive job, winning half its games while both dealing and taking heavy metal losses fighting at middle.

  • + Fastest Bot Lab of any role (0:34), gets units fighting almost immediately.
  • + Destroys 8805 enemy metal by 15:00 through constant middle pressure.
  • − Loses 10461 own metal by 15:00, more than it destroys.
  • − Metal production lags behind other front role at 18297 by 15:00.
THE EXAMPLE YOU ARE READING

XXMACGAMERXX

35.3 OS · 01/10/2026

Open source match ↗

5 received units · includes a constructor
19 metal received · 9312 energy received

Allied construction assistance is unknown. Timings are observations, not a promise of solo reproducibility.

Typical milestones

Bot Lab0:34Middle 50%: 0:27–0:44 · n=433
Advanced Metal Extractor9:41Middle 50%: 8:47–10:58 · n=283

Played most by

_X_64games of this build_Hawkey_47games of this buildImmort30games of this buildGuiTou25games of this buildViltrum23games of this build
Standard suicide front · Cortex Suicide front build order · BAR Build Atlas